 Dungeon Crawl Stone Soup version 0.31.0-11-ge490571c62 (webtiles) character file.

Game seed: 12506304217683766945

39 monsoonserge the Grasshopper (level 3, -2/18 HPs)
             Began as a Spriggan Warper on Feb 2, 2024.
             Slain by a gnoll
             ... wielding a +0 club
              (5 damage)
             ... on level 3 of the Dungeon.
             The game lasted 00:06:14 (2285 turns).

monsoonserge the Grasshopper (Spriggan Warper)      Turns: 2285, Time: 00:06:14

Health: -2/18      AC:  2    Str:  7    XL:     3   Next: 28%
Magic:  8/8        EV:  9    Int: 14    God:
Gold:   123        SH:  0    Dex: 16    Spells: 5/7 levels left

rFire   . . .        a - +0 short sword
rCold   . . .        (no shield)
rNeg    . . .        b - +0 robe
rPois   .            (helmet restricted)
rElec   .            (no cloak)
rCorr   .            (gloves unavailable)
SInv    +            (boots unavailable)
Will    .....        (no amulet)
Stlth   +            (no ring)
HPRegen 0.23/turn    (no ring)
MPRegen 0.11/turn

%: no passive effects
@: held, very quick
A: very small, no large weapons, unfitting armour, see invisible, speed 3
a: no special abilities


You were on level 3 of the Dungeon.
You visited 1 branch of the dungeon, and saw 3 of its levels.

You collected 123 gold pieces.

Inventory:

Hand Weapons
 a - a +0 short sword (weapon)
Missiles
 d - 7 darts of dispersal
 f - 4 boomerangs (quivered)
 g - 4 poisoned darts
 u - 2 datura-tipped darts
Armour
 b - a +0 robe (worn)
Talismans
 j - a beast talisman
Wands
 n - a wand of paralysis (5)
Scrolls
 c - a scroll of blinking
 i - 3 scrolls of identify {unknown}
 k - a scroll of silence {unknown}
 l - a scroll of poison {unknown}
 m - a scroll of amnesia {unknown}
 o - 2 scrolls of enchant armour {unknown}
 r - a scroll of fear {unknown}
 s - a scroll of immolation {unknown}
Potions
 e - a potion of ambrosia {unknown}
 h - a potion of berserk rage {unknown}
 p - a potion of curing {unknown}
 q - 2 potions of heal wounds {unknown}
 t - a potion of might {unknown}
 v - a potion of brilliance {unknown}


   Skills:
 + Level 2.0 Fighting
 + Level 3.0 Short Blades
 + Level 1.0 Throwing
 + Level 3.6 Dodging
 + Level 2.8 Spellcasting
 + Level 4.9 Translocations


You had 5 spell levels left.
You knew the following spells:

 Your Spells              Type           Power      Damage    Failure   Level
a - Blink                 Tloc           30%        N/A       4%          2

Your spell library contained the following spells:

 Spells                   Type           Power      Damage    Failure   Level
 Apportation              Tloc           30%        N/A       2%          1
 Lesser Beckoning         Tloc           30%        N/A       4%          2
 Teleport Other           Tloc           15%        N/A       9%          3
 Necrotise                Necr           8%         1d4       22%         1
 Sting                    Conj/Alch      8%         1d3       22%         1
 Summon Small Mammal      Summ           8%         N/A       22%         1
 Manifold Assault         Tloc           15%        N/A       28%         4
 Dazzling Flash           Conj/Hex       4%         N/A       54%         3
 Mephitic Cloud           Conj/Alch/Air  2%         N/A       54%         3
 Vhi's Electric Charge    Tloc/Air       16%        N/A       61%         4
 Curse of Agony           Necr           2%         N/A       99%         5
 Silence                  Hex/Air        1%         N/A       99%         5
 Conjure Ball Lightning   Conj/Air       1%         3x3d6     100%        6
 Discord                  Hex            1%         N/A       100%        8
 Disjunction              Tloc           7%         N/A       100%        8


Dungeon Overview and Level Annotations

Branches:
Dungeon (3/15)

Altars:
Gozag

Shops:
D:1 *


Innate Abilities, Weirdness & Mutations

You are very small and have problems with some larger weapons.
You are too small for most types of armour.
You have supernaturally acute eyesight. (SInv)
You cover ground extremely quickly. (Speed+++)


Message History

The gnoll is moderately wounded.
The gnoll hits you with a +0 club.
You hit the gnoll.
The gnoll is heavily wounded.
The gnoll closely misses you.
The gnoll shouts!
You hit the gnoll but do no damage.
The gnoll is heavily wounded.
The gnoll closely misses you.
You hit the gnoll but do no damage.
The gnoll is heavily wounded.
The gnoll closely misses you.
You hit the gnoll.
The gnoll is severely wounded.
You hit the gnoll but do no damage.
The gnoll is severely wounded.
The gnoll hits you with a +0 club!
* * * LOW HITPOINT WARNING * * *
The gnoll attacks as it pursues you! The gnoll hits you with a +0 club.
* * * LOW HITPOINT WARNING * * *
Throw: 4 boomerangs
Press: ? - help, Q - select action, (/) - cycle Shift-Dir - straight line, f - gnoll
Aim: a gnoll, wielding a +0 club and quivering a throwing net (severely wounded, 61% to hit)
You throw a boomerang. The boomerang barely misses the gnoll.
Throw: 4 boomerangs
Press: ? - help, Q - select action, (/) - cycle Shift-Dir - straight line, f - gnoll, p - gnoll
Aim: a gnoll, wielding a +0 whip (moderately wounded, 61% to hit)
You throw a boomerang.
The boomerang completely misses the gnoll.
The boomerang hits the gnoll but does no damage.
The gnoll is moderately wounded.
Throw: 4 boomerangs
Press: ? - help, Q - select action, (/) - cycle Shift-Dir - straight line, f/p - gnoll
Aim: a gnoll, wielding a +0 whip (moderately wounded, 61% to hit)
You throw a boomerang. The boomerang closely misses the gnoll.
The boomerang barely misses the gnoll.
The gnoll throws a throwing net.
The throwing net hits you.
You become entangled in the net!
You tear a large gash into the net.
The gnoll hits you with a +0 club.
You die...

... # ... #
#.# # #.# #
#.#
########.#
.........#
#######..##
######### ..#
##...##
#.@g.ggg# #.#
#.....#
##.#####.#
#.#
##...####...#
#.# #.#
#..........#
#.# #.#
##.#####...#
#g# #.# #.#
########.#
#.# #+# #...#
#.# #.### ..#
...


You could see 4 gnolls.

Vanquished Creatures
  2 dart slugs (D:1)
  2 ribbon worms (D:2)
  2 ball pythons
  3 endoplasms
  2 giant cockroaches
  A goblin (D:2)
  4 hobgoblins
  4 kobolds
  A quokka (D:2)
  A bat (D:3)
  A frilled lizard (D:2)
  5 rats
28 creatures vanquished.

Notes
Turn   | Place    | Note
-------+----------+-------------------------------------------
     0 | D:1      | monsoonserge the Spriggan Warper began the quest for the
                  | Orb.
     0 | D:1      | Reached XP level 1. HP: 10/10 MP: 5/5
    75 | D:1      | Found Posostea's General Store.
   320 | D:1      | Reached XP level 2. HP: 14/15 MP: 6/6
   327 | D:1      | Learned a level 2 spell: Blink
   393 | D:1      | Found a faded altar of an unknown god.
   394 | D:1      | Noticed a glass eye
   395 | D:1      | Noticed a great orb of eyes
   396 | D:1      | Noticed an eye of devastation
   396 | D:1      | Noticed an eye of devastation
  1400 | D:3      | Reached XP level 3. HP: 18/18 MP: 8/8
  1963 | D:3      | Found an opulent altar of Gozag.
  2285 | D:3      | Slain by a gnoll

Illustrated notes

Levels and vault maps discovered:
D:1:      shiori_angband_town, layout_basic,
          hellmonk_ecumenical_altar_watching_god, serial_shops,
          nicolae_shop_tiny_statue_garden
D:2:      layout_loops_ring
D:3:      layout_loops_corners, marbit_many_paths, mainiacjoe_overflow_paths

Skill      XL: |  1  2  3 |
---------------+----------+-----
Short Blades   | 3 |  3.0
Fighting       | 2 |  2.0
Throwing       | |  1.0
Dodging        | |  3.6
Spellcasting   | |  2.8
Translocations | |  4.9

Action                     || total
---------------------------++-------
  Melee: Short sword       ||   189
  Throw: Boomerang         ||     3
 Armour: Robe              ||    59
  Dodge: Dodged            ||    95
